 Dungeon Crawl Stone Soup version 0.32-a0-814-g0968bab981 (webtiles) character file.

Game seed: 5476587952050359727

81 smashvw the Sneak (level 4, -1/30 HPs)
             Began as an Octopode Brigand on Mar 22, 2024.
             Slain by Grinder (5 damage)
             ... on level 3 of the Dungeon.
             The game lasted 00:03:20 (1685 turns).

smashvw the Sneak (Octopode Brigand)                Turns: 1685, Time: 00:03:21

Health: -1/30      AC:  1    Str: 10    XL:     4   Next: 42%
Magic:  4/4        EV: 12    Int: 13    God:
Gold:   41         SH:  0    Dex: 15    Spells: 3/3 levels left

rFire   . . .        a - +2 dagger
rCold   . . .        (no shield)
rNeg    . . .        (helmet restricted)
rPois   .            (no amulet)
rElec   .            (no ring)
rCorr   .            (no ring)
SInv    .            (no ring)
Will    .....        (no ring)
Stlth   ++++         (no ring)
HPRegen 0.25/turn    (no ring)
MPRegen 0.09/turn    (no ring)
                     (no ring)

%: no passive effects
@: no status effects
A: almost no armour, amphibious, 8 rings, camouflage 1, gelatinous body 1,
(nimble swimmer 1), tentacles
a: no special abilities


You were on level 3 of the Dungeon.
You visited 1 branch of the dungeon, and saw 3 of its levels.

You collected 41 gold pieces.

Inventory:

Hand Weapons
 a - a +2 dagger (weapon)
Missiles
 b - 9 poisoned darts
 c - 3 curare-tipped darts
 e - 3 atropa-tipped darts
 j - 6 stones (quivered)
Wands
 k - a wand of iceblast (12)
Scrolls
 d - a scroll of noise {unknown}
 g - 2 scrolls of revelation {unknown}
 h - 4 scrolls of identify {unknown}
 i - 2 scrolls of teleportation {unknown}
 l - a scroll of fog {unknown}
Potions
 f - a potion of berserk rage {unknown}
 m - a potion of heal wounds {unknown}
 n - a potion of degeneration {unknown}


   Skills:
 + Level 2.7 Fighting
 + Level 2.6 Short Blades
 + Level 2.3 Throwing
 + Level 2.0 Dodging
 + Level 6.0 Stealth


You had 3 spell levels left.
You didn't know any spells.
Your spell library contained the following spells:

 Spells                   Type           Power      Damage    Failure   Level
 Apportation              Tloc           0%         N/A       30%         1
 Necrotise                Necr           0%         1d4       30%         1
 Sting                    Conj/Alch      0%         1d3       30%         1
 Summon Small Mammal      Summ           0%         N/A       30%         1


Dungeon Overview and Level Annotations

Branches:
Dungeon (3/15)

Altars:

Annotations:
D:3 Grinder


Innate Abilities, Weirdness & Mutations

You cannot wear most types of armour.
You are amphibious.
You can wear up to eight rings at the same time.
Your skin changes colour to match your surroundings (Stealth+).
Your rubbery body absorbs attacks. (AC +1, EV +1)
((You are camouflaged when in or above water. (Stealth+)))
You have tentacles for arms and can constrict up to eight enemies at once.


Message History

n - a golden potion
There is a stone staircase leading up here.
Found a stone staircase leading down.
An adder comes into view.
You closely miss the adder.
The adder hisses angrily.
You grab the adder. You squeeze the adder.
The adder is severely wounded.
You constrict the adder.
You kill the adder!
Your Dodging skill increases to level 2!
No target in view!
You see here an adder corpse.
You open the door.
Grinder comes into view.
Found a stone staircase leading down.
Grinder shouts!
There is an open door here.
You hit Grinder but do no damage. You grab Grinder. You squeeze Grinder.
Grinder is lightly wounded.
You constrict Grinder, but do no damage.
Grinder closely misses you.
You hit Grinder.
Grinder is lightly wounded.
You constrict Grinder. Grinder hits you.
An orc comes into view. It is wielding a +0 short sword.
The orc shouts!
You hit Grinder. You squeeze Grinder.
Grinder is heavily wounded.
You constrict Grinder. Grinder hits you.
You writhe in agony.
You are too injured to fight recklessly!
You are too injured to fight recklessly!
You are too injured to fight recklessly!
You hit Grinder but do no damage. You squeeze Grinder.
Grinder is heavily wounded.
You constrict Grinder. Grinder hits you!
* * * LOW HITPOINT WARNING * * *
You writhe in agony.
You die...
Grinder sighs, "Dead already?
I want a refund."

###.##.###.#
#...†......#
#.#....#####
#...####
##.....#
######...##.#
#...#...###.#
#.##...#.#.#
#.#
.>....5@.#.#
#.#
.......###.#
#.# .......
..# #.#
....... ###
#.# .......
..# #+##..o
#... #...


You could see Grinder and an orc.

Vanquished Creatures
  3 adders
  3 dart slugs
  A ribbon worm (D:2)
  7 ball pythons
  5 endoplasms
  3 giant cockroaches
  4 goblins
  2 hobgoblins (D:1)
  3 kobolds (D:1)
  3 quokkas (D:1)
  2 bats (D:1)
  4 frilled lizards (D:1)
  5 rats
45 creatures vanquished.

Notes
Turn   | Place    | Note
-------+----------+-------------------------------------------
     0 | D:1      | smashvw the Octopode Brigand began the quest for the Orb.
     0 | D:1      | Reached XP level 1. HP: 14/14 MP: 1/1
    52 | D:1      | Reached XP level 2. HP: 15/19 MP: 2/2
   264 | D:1      | Reached XP level 3. HP: 19/25 MP: 3/3
   924 | D:2      | Reached XP level 4. HP: 24/30 MP: 4/4
  1195 | D:2      | Reached skill level 6 in Stealth
  1680 | D:3      | Noticed Grinder
  1685 | D:3      | Slain by Grinder

Illustrated notes

Levels and vault maps discovered:
D:1:      amcnicky_arrival_gap_in_the_tavern_cellar, layout_basic
D:2:      layout_basic, serial_forest, infiniplex_forest_pool,
          infiniplex_forest_corner_1, infiniplex_forest_end_1,
          infiniplex_forest_pool
D:3:      layout_basic, minmay_misc_feat_doors, feat_on_display, uniq_natasha,
          uniq_ijyb, uniq_grinder

Skill      XL: |  1  2  3  4 |
---------------+-------------+-----
Stealth        | 6 |  6.0
Dodging        | 2 |  2.0
Fighting       | |  2.7
Short Blades   | |  2.6
Throwing       | |  2.3

Action                     |  1- 3 |  4- 6 || total
---------------------------+-------+-------++-------
  Melee: Dagger            |    60 |    11 ||    71
         Constrict         |    12 |     4 ||    16
         Tentacles         |    12 |     4 ||    16
  Throw: Stone             |     8 |       ||     8
         Dart              |     1 |       ||     1
   Stab: Sleeping          |    15 |     3 ||    18
 Armour: Skin              |    19 |     4 ||    23
  Dodge: Dodged            |    18 |     1 ||    19

Table legend: (Time is in decaauts)
 A = Elapsed time spent in this place.
 B = Non-inter-level travel time spent in this place.
 C = Inter-level travel time spent in this place.
 D = Time resting spent in this place.
 E = Time spent auto-exploring this place.
 F = Levels seen in this place.
 G = Mean time per level.
                   A        B        C        D        E       F      G
               +--------+--------+--------+--------+--------+-----+--------+
         Total |   1676 |   1630 |     46 |      0 |   1350 |   3 |  558.7 |
       Dungeon |   1676 |   1630 |     46 |      0 |   1350 |   3 |  558.7 |
               +--------+--------+--------+--------+--------+-----+--------+

Top non-repeatable levels by time:
     D:2: 793 daAuts
     D:1: 786 daAuts
     D:3: 96 daAuts
